Match 45267945
Unlisted

Match 45267945
End
Panzerpioneer Squad
Selects Panzerjäger Kommand Battlegroup
250 Light Carrier
Selects Mine Fields
Construct Light Support Kompanie
Assault Grenadier Squad
Assault Grenadier Squad
Selects Tank Busters
Construct Mechanized Kompanie
Ismachu
ProxyFox
Personal Iroha Cushion
Cheezus
Quietus
.
0
0

Comments sign in to comment!

No comments posted yet!